 Dungeon Crawl Stone Soup version 0.28-a0-983-g1de4e0787c (webtiles) character file.

Game seed: 14412925929071113067

278393 Majang the Severer (level 20, -6/193 HPs)
             Began as a Ghoul Fighter on Dec 1, 2021.
             Was the Champion of Ashenzari.
             Mangled by a jiangshi (9 damage)
             ... summoned by a vampire mage
             ... while paralysed by a vampire knight
             ... on level 2 of the Vaults on Dec 3, 2021.
             The game lasted 03:16:12 (45425 turns).

Majang the Severer (Ghoul Fighter)                 Turns: 45425, Time: 03:16:14

Health: -6/193     AC: 27    Str: 36    XL:     20   Next: 42%
Magic:  6/6        EV:  2    Int:  6    God:    Ashenzari [******]
Gold:   3555       SH:  0    Dex:  8    Spells: 20/20 levels left

rFire   + + .      SeeInvis +   O - +10 executioner's axe of the Chained Repose {antimagic, rElec rCorr Str+7, Cun, Melee} (curse)
rCold   + . .      Faith    .   (shield currently unavailable)
rNeg    + + +      Spirit   .   B - +2 chain mail "Ensconced With Me" {rF+, Cun, Evo} (curse)
rPois   ∞          Reflect  +   R - +2 helmet "Omniscient Agnosticism" {Int+3, Cun, Range} (curse)
rElec   +          Harm     .   U - +0 cloak of the Revealing Oracle {Evo, Fort} (curse)
rCorr   +          Rampage  .   f - +1 pair of gloves of the Sibylline Comet {Range, Melee} (curse)
Will    +....      Clarity  +   i - +2 pair of boots of the Ruined Vexation {Bglg, Self} (curse)
Stlth   +++.......              V - amulet "Overhang to Understand" {Reflect SH+5, Evo, Comp} (curse)
HPRegen 0.00/turn               J - ring of Curses and Power {Fly rF+, Self, Bglg} (curse)
MPRegen 0.10/turn               C - ring of Ashenzari's Fetters {EV+4, Melee, Comp} (curse)

@: paralysed, flying, inhibited regen, studying Stealth
A: claws 1, cold resistance 1, negative energy resistance 3, inhibited
regeneration, torment resistance 2
}: 2/15 runes: serpentine, barnacled
a: Renounce Religion, Shatter the Chains


You were on level 2 of the Vaults.
You worshipped Ashenzari.
Ashenzari was exalted by your worship.
You visited 8 branches of the dungeon, and saw 35 of its levels.
You also visited: Volcano.

You collected 5643 gold pieces.
You spent 2088 gold pieces at shops.

Inventory:

Hand Weapons
 O - the cursed +10 executioner's axe of the Chained Repose (weapon) {antimagic, rElec rCorr Str+7, Cun, Melee}
   (You acquired it on level 2 of the Elven Halls)

   It reduces the magical energy of the wielder, and disrupts the spells and
   magical abilities of those it strikes.
   Natural abilities and divine invocations are not affected.
   Str:       It affects your strength (+7).
   rElec:     It insulates you from electricity.
   rCorr:     It protects you from acid and corrosion.
   It has a curse which improves the following skills: Cunning: Dodging and
   Stealth.
   Melee Combat: Short Blades, Long Blades, Axes, Maces & Flails, Polearms,
   Staves and Unarmed Combat.
Missiles
 g - 5 curare-tipped darts
 k - 127 poisoned darts (quivered)
 s - 25 boomerangs
 v - a silver javelin
 y - 16 javelins
 M - 13 throwing nets
 Q - 9 atropa-tipped darts
Armour
 f - the cursed +1 pair of gloves of the Sibylline Comet (worn) {Range, Melee}
   (You found it on level 1 of the Dungeon)

   It has a curse which improves the following skills: Ranged Combat: Slings,
   Bows, Crossbows and Throwing.
   Melee Combat: Short Blades, Long Blades, Axes, Maces & Flails, Polearms,
   Staves and Unarmed Combat.
 i - the cursed +2 pair of boots of the Ruined Vexation (worn) {Bglg, Self}
   (You bought it in a shop on level 2 of the Orcish Mines)

   It has a curse which improves the following skills: Beguiling: Conjurations,
   Hexes and Translocations.
   Introspection: Fighting and Spellcasting.
 x - +0 fire dragon scales
 B - the cursed +2 chain mail "Ensconced With Me" (worn) {rF+, Cun, Evo}
   (You found it on level 4 of the Lair of Beasts)

   It has a curse which improves the following skills: Cunning: Dodging and
   Stealth.
   Evocations: Evocations.
 R - the cursed +2 helmet "Omniscient Agnosticism" (worn) {Int+3, Cun, Range}
   (You found it on level 1 of the Orcish Mines)

   It has a curse which improves the following skills: Cunning: Dodging and
   Stealth.
   Ranged Combat: Slings, Bows, Crossbows and Throwing.
 U - the cursed +0 cloak of the Revealing Oracle (worn) {Evo, Fort}
   (You took it off Maurice on level 10 of the Dungeon)

   It has a curse which improves the following skills: Evocations: Evocations.
   Fortitude: Armour and Shields.
 X - a +2 kite shield
Jewellery
 C - the cursed ring of Ashenzari's Fetters (right hand) {EV+4, Melee, Comp}
   (You found it on level 6 of the Dungeon)

   [ring of evasion]

   EV:        It affects your evasion (+4).
   It has a curse which improves the following skills: Melee Combat: Short
   Blades, Long Blades, Axes, Maces & Flails, Polearms, Staves and Unarmed
   Combat.
   Companions: Summonings and Necromancy.
 I - an amulet of regeneration
 J - the cursed ring of Curses and Power (left hand) {Fly rF+, Self, Bglg}
   (You bought it in a shop on level 2 of the Orcish Mines)

   [ring of flight]

   rF:        It protects you from fire.
   Fly:       It grants you flight.
   It has a curse which improves the following skills: Introspection: Fighting
   and Spellcasting.
   Beguiling: Conjurations, Hexes and Translocations.
 V - the cursed amulet "Overhang to Understand" (around neck) {Reflect SH+5, Evo, Comp}
   (You acquired it on level 2 of the Elven Halls)

   [amulet of reflection]

   It reflects blocked missile attacks.
   SH:        It affects your SH (+5).
   It has a curse which improves the following skills: Evocations: Evocations.
   Companions: Summonings and Necromancy.
Wands
 b - a wand of charming (12)
 c - a wand of polymorph (10)
 m - a wand of iceblast (20)
 n - a wand of flame (13)
 w - a wand of acid (13)
 E - a wand of paralysis (18)
 L - a wand of mindburst (19)
 T - a wand of digging (11)
Scrolls
 a - a scroll of fog
 d - 2 scrolls of torment
 e - 3 scrolls of immolation
 j - 12 scrolls of teleportation
 o - 7 scrolls of fear
 p - 4 scrolls of summoning
 r - 4 scrolls of blinking
 t - 8 scrolls of magic mapping
 G - 3 scrolls of enchant armour
 K - 4 scrolls of silence
 N - a scroll of enchant weapon
Potions
 h - 2 potions of attraction
 l - a potion of haste
 q - 14 potions of flight
 u - 7 potions of brilliance
 z - a potion of invisibility
 A - 2 potions of cancellation
 P - 2 potions of ambrosia
 S - 12 potions of curing
 W - 5 potions of heal wounds
Miscellaneous
 D - a box of beasts
 F - a condenser vane
 H - a phantom mirror
 Y - a phial of floods


   Skills:
 + Level 15.3(19.9) Fighting
 - Level 2.8(7.6) Long Blades
 * Level 16.8(22.9) Axes
 + Level 12.3(17.0) Throwing
 + Level 12.5(15.6) Armour
 + Level 12.3(18.5) Dodging
 + Level 10.0(16.2) Stealth
 - Level 10.8(13.9) Shields
 + Level 12.1(18.3) Evocations


You had 20 spell levels left.
You didn't know any spells.
Your spell library contained the following spells:

 Spells                   Type           Power      Damage    Failure   Level
 Animate Skeleton         Necr           2%         N/A       67%         1
 Apportation              Tloc           2%         N/A       67%         1
 Pain                     Necr           4%         1d4       67%         1
 Slow                     Hex            4%         N/A       67%         1
 Summon Small Mammal      Summ           4%         N/A       67%         1
 Freeze                   Ice            0%         1d3       77%         1
 Blink                    Tloc           2%         N/A       80%         2
 Scorch                   Fire           0%         2d5       88%         2
 Confusing Touch          Hex            1%         N/A       95%         3
 Gell's Gravitas          Tloc           1%         N/A       95%         3
 Lesser Beckoning         Tloc           1%         N/A       95%         3
 Summon Guardian Golem    Hex/Summ       1%         N/A       95%         3
 Teleport Other           Tloc           1%         N/A       95%         3
 Tukima's Dance           Hex            1%         N/A       95%         3
 Vampiric Draining        Necr           1%         2d6       95%         3
 Conjure Flame            Conj/Fire      0%         6-21      97%         3
 Frozen Ramparts          Ice            0%         1d2       98%         3
 Ignite Poison            Fire/Tmut/Pois 0%         N/A       98%         3
 Mephitic Cloud           Conj/Pois/Air  0%         N/A       98%         3
 Animate Dead             Necr           0%         N/A       100%        4
 Flame Wave               Conj/Fire      0%         2d4       100%        4
 Fulminant Prism          Conj/Hex       0%         3d6       100%        4
 Hailstorm                Conj/Ice       0%         3d3       100%        4
 Iskenderun's Mystic Bla  Conj/Tloc      1%         2d3       100%        4
 Passage of Golubria      Tloc           1%         N/A       100%        4
 Sticky Flame             Conj/Fire      0%         2d3       100%        4
 Freezing Cloud           Conj/Ice/Air   0%         6-21      100%        5
 Lee's Rapid Deconstruct  Erth           0%         3d5*      100%        5
 Manifold Assault         Tloc           1%         N/A       100%        5
 Silence                  Hex/Air        0%         N/A       100%        5
 Yara's Violent Unravell  Hex/Tmut       0%         3d3       100%        5
 Dispersal                Tloc           0%         N/A       100%        6
 Summon Cactus Giant      Summ           0%         N/A       100%        6
 Haunt                    Necr/Summ      0%         N/A       100%        7
 Orb of Destruction       Conj           0%         N/A       100%        7
 Spellforged Servitor     Conj/Summ      0%         N/A       100%        7
 Summon Hydra             Summ           0%         N/A       100%        7
 Disjunction              Tloc           0%         N/A       100%        8
 Infestation              Necr           0%         N/A       100%        8
 Lehudib's Crystal Spear  Conj/Erth      0%         10d2      100%        8
 Sublimation of Blood     Necr           Unusable   N/A       N/A         2
 Wereblood                Tmut           Unusable   N/A       N/A         2

Dungeon Overview and Level Annotations

Branches:
Dungeon (14/15)            Temple (1/1) D:6            Lair (6/6) D:8
 Shoals (4/4) Lair:4        Snake (4/4) Lair:3        Slime (0/5) Lair:5
    Orc (2/2) D:12            Elf (2/3) Orc:2        Vaults (2/5) D:13
  Crypt (0/3) Vaults:2    Volcano (visited)

Altars:
Ashenzari
Dithmenos
Elyvilon
Fedhas
Kikubaaqudgha
Makhleb
Qazlal
Trog
Vehumet
Xom

Shops:
D:1 (?(   D:10 :   D:13 ?(?*   Orc:2 *=[*   Elf:2 =:=(   Shoals:1 [
Shoals:4 *(   Snake:3 *(   Snake:4 *

Annotations:
Lair:3 1 runed translucent door, geirmund's ghost, journeyman MiBe
Orc:2 1 runed translucent door, Thrasha's ghost, journeyman MiBe
Elf:1 2 transporters, Stonecrops's ghost, journeyman DsBe


Innate Abilities, Weirdness & Mutations

You thrive by killing the living.
You are immune to poison.
You have sharp fingernails.
Your flesh is cold resistant. (rC+)
You are immune to negative energy. (rN+++)
You do not regenerate when monsters are visible.
You are immune to unholy pain and torment.


Message History

The vampire knight gestures at you while chanting.
You suddenly lose the ability to move!
The skeletal warrior hits you but does no damage.
The vampire mage casts a spell.
The skeletal warrior hits you from afar with a +0 trident.
The vampire mage hits you but does no damage.
The vampire mage bites you!
The vampire knight hits you with a +3 battleaxe!
The vampire knight bites you.
The skeletal warrior hits you from afar with a +0 trident!
The jiangshi claws you! The jiangshi barely misses you.
The jiangshi claws you but does no damage. x2
The vampire mage hits you. The vampire mage bites you!
The vampire knight hits you with a +3 battleaxe!
The vampire knight bites you but does no damage.
The skeletal warrior hits you from afar with a +0 trident!
* * * LOW HITPOINT WARNING * * *
The vampire mage hits you but does no damage.
The vampire mage bites you but does no damage.
The vampire knight hits you with a +3 battleaxe!!
* * * LOW HITPOINT WARNING * * *
The vampire knight bites you but does no damage.
The skeletal warrior hits you from afar with a +0 trident.
* * * LOW HITPOINT WARNING * * *
The vampire mage hits you.
* * * LOW HITPOINT WARNING * * *
The vampire mage bites you but does no damage.
The vampire knight hits you with a +3 battleaxe.
* * * LOW HITPOINT WARNING * * *
The vampire knight bites you but does no damage.
The skeletal warrior hits you from afar with a +0 trident.
* * * LOW HITPOINT WARNING * * *
The jiangshi claws you but does no damage. x2
The vampire mage hits you!
* * * LOW HITPOINT WARNING * * *
The vampire mage bites you!
* * * LOW HITPOINT WARNING * * *
The vampire knight gestures wildly while chanting.
The vampire knight seems to speed up.
The jiangshi claws you!
You die...

####** * #... , ,
####..#####, *
#####..#...#,, * * *
##########.##...## ,
,,.........#.#.....#
,,
,.........#@Vz.>..#,*
,
,,...).....VV#.....#,
,,,
.........#W##...##, ,
, , ...###..#..#...#
, , , ,
##.#..#..#####,, ,,,
, #..#.(#...., * , ,*
...#..#####* ** ,,, ,
*?...#..### , *
.....#..###


You could see a vampire knight (fast, invisible), a skeletal warrior, a jiangshi
(summoned), a vampire mage (invisible) and a freezing wraith (summoned).

Vanquished Creatures
  Mara (Shoals:4)
  Vashnia (Snake:4)
  A deep elf blademaster (Elf:2)
  Asterion (Vaults:2)
  Gastronok (Lair:1)
  Polyphemus (Shoals:4)
  A kraken (Shoals:2)
  A frost giant (Shoals:4)
  A revenant (Vaults:2)
  5 nagarajas
  A vault warden (Vaults:1)
  2 ironbound preservers
  2 deep elf elementalists (Elf:2)
  3 very ugly things (Vaults:1)
  3 entropy weavers
  Azrael (D:13)
  A merfolk javelineer (Shoals:2)
  The ghost of Tist the Cleaver, a journeyman GnWr of Nemelex Xobeh (Orc:1)
  A fire dragon (Volcano)
  An ettin (Orc:2)
  9 merfolk impalers
  2 boulder beetles
  3 yaktaur captains
  7 hydras
  2 salamander tyrants
  16 naga warriors
  An ice dragon (Lair:6)
  Erica (Lair:2)
  An ironbound thunderhulk (Vaults:1)
  8 vault guards (D:13)
  3 ironbound frosthearts
  2 catoblepae
  10 centaur warriors
  2 alligator snapping turtles
  6 anacondas
  4 ogre magi
  33 dancing weapons
  5 merfolk aquamancers
  20 two-headed ogres
  10 death yaks
  A satyr (Shoals:3)
  3 merfolk avatars
  3 tengu warriors
  An orc high priest (Orc:1)
  A hell hog (Volcano)
  Sonja (D:10)
  6 shock serpents
  10 naga sharpshooters
  16 deep elf knights
  14 sea snakes
  A salamander mystic (Snake:2)
  7 deep trolls
  A swamp dragon (shapeshifter) (Elf:2)
  8 lindwurms
  An orc knight (Vaults:1)
  8 naga ritualists
  5 harpies
  12 deep elf archers
  A necromancer (Lair:4)
  21 deep elf zephyrmancers
  4 ironbound convokers
  A wolf spider (Lair:6)
  26 deep elf pyromancers
  13 ugly things
  6 mana vipers
  An oklob plant (Lair:6)
  3 orc sorcerers
  6 fauns
  13 salamanders
  6 merfolk sirens
  A cyclops (shapeshifter) (Vaults:2)
  14 manticores
  5 cyclopes
  2 guardian serpents
  15 naga magi
  36 black mambas
  6 molten gargoyles
  4 water nymphs
  Maurice (D:10)
  3 vault sentinels
  6 torpor snails
  3 rime drakes
  10 yaktaurs
  10 cane toads
  9 komodo dragons
  2 unseen horrors (D:11)
  A komodo dragon (shapeshifter) (D:13)
  2 tengu conjurers
  12 wind drakes
  A wandering mushroom (Lair:6)
  6 trolls
  A jumping spider (Vaults:1)
  2 polar bears (Lair:5)
  24 merfolk
  10 hornets
  4 tyrant leeches (Lair:6)
  39 blink frogs
  8 slime creatures
  Grinder (D:5)
  6 snapping turtles
  15 dream sheep
  9 redbacks
  A wraith (D:13)
  2 air elementals (Elf:1)
  A shadow (D:11)
  A tarantella (Vaults:2)
  2 vampires
  The ghost of Vivir the Skirmisher, an amateur MiFi (D:3)
  A basilisk (Lair:5)
  12 wyverns
  7 fire elementals
  10 water elementals
  44 yaks
  A fire bat (Volcano)
  2 steam dragons
  Grum (D:10)
  4 neqoxecs (Orc:1)
  24 nagas
  3 wargs
  An acid dragon (D:12)
  6 hell hounds
  6 ice beasts
  26 water moccasins
  15 orc warriors
  3 black bears
  A swamp drake (D:12)
  7 boggarts
  32 ogres
  2 elephant zombies (Lair:4)
  A necrophage (D:3)
  18 wolves
  7 centaurs
  A phantom (D:4)
  10 bullfrogs
  A komodo dragon zombie (Lair:4)
  5 gnoll sergeants
  2 scorpions (D:8)
  4 earth elementals
  2 water moccasin skeletons (D:5)
  11 killer bees
  19 wights
  6 howler monkeys
  10 electric eels
  A basilisk zombie (Lair:4)
  3 lava snakes
  A hound (D:4)
  3 jellies
  3 quasits (Orc:1)
  5 centaur zombies
  17 orc priests
  A gnoll shaman (D:10)
  Jessica (D:2)
  2 centaur skeletons
  5 hell rats (Lair:6)
  26 orc wizards
  4 iguanas
  A killer bee zombie (D:6)
  A howler monkey zombie (D:5)
  Robin (D:2)
  15 gnolls
  10 adders
  A shadow imp (D:8)
  3 ufetubi
  3 worms
  3 dart slugs
  59 orcs
  6 ball pythons
  6 bats
  11 endoplasms
  2 giant cockroaches
  14 goblins
  11 hobgoblins
  7 kobolds
  6 quokkas
  2 frilled lizards (D:3)
  2 rats
  A bush (Lair:6)
  3 tentacles (Shoals:2)
1196 creatures vanquished.

Vanquished Creatures (collateral kills)
  Nikola (Elf:2)
  A merfolk (Shoals:2)
2 creatures vanquished.

Vanquished Creatures (others)
  A deep elf knight (Elf:1)
  A wizard (Vaults:1)
  A deep elf zephyrmancer (Elf:2)
  A gnoll (D:13)
  78 fungi
  160 plants
  5 tentacles (Shoals:2)
247 creatures vanquished.

Grand Total: 1445 creatures vanquished

Notes
Turn   | Place    | Note
-------+----------+-------------------------------------------
     0 | D:1      | Majang the Ghoul Fighter began the quest for the Orb.
     0 | D:1      | Reached XP level 1. HP: 19/19 MP: 0/0
    79 | D:1      | Found a faded altar of an unknown god.
   129 | D:1      | Reached skill level 2 in Axes
   288 | D:1      | Reached XP level 2. HP: 26/26 MP: 1/1
   454 | D:1      | Found Niene's Weapon Shoppe.
   546 | D:1      | Found Plog's Magic Scroll Shop.
   628 | D:1      | Found Veuxt's Antique Weapon Boutique.
   897 | D:2      | Reached XP level 3. HP: 31/33 MP: 2/2
  1013 | D:2      | Noticed Robin
  1017 | D:2      | Reached skill level 3 in Axes
  1025 | D:2      | Killed Robin
  1026 | D:2      | Reached XP level 4. HP: 30/40 MP: 3/3
  1330 | D:2      | Noticed Jessica
  1339 | D:2      | Killed Jessica
  1340 | D:2      | Reached XP level 5. HP: 47/47 MP: 4/4
  1786 | D:3      | Found a broken altar of Ashenzari.
  1796 | D:3      | Became a worshipper of Ashenzari the Shackled
  1876 | D:3      | Reached skill level 4 in Axes
  2440 | D:3      | Noticed a necrophage
  2454 | D:3      | Killed a necrophage
  2455 | D:3      | Reached skill level 5 in Fighting
  2455 | D:3      | Reached skill level 5 in Axes
  2455 | D:3      | Reached XP level 6. HP: 54/56 MP: 5/5
  2722 | D:3      | Found a runed translucent door.
  3106 | D:3      | Noticed Vivir's ghost (amateur MiFi)
  3204 | D:4      | Noticed a two-headed ogre
  3216 | D:4      | Killed a two-headed ogre
  3217 | D:4      | Reached skill level 1 in Throwing
  3217 | D:4      | Reached skill level 1 in Dodging
  3217 | D:4      | Reached XP level 7. HP: 17/62 MP: 6/6
  3217 | D:4      | Reached XP level 8. HP: 20/70 MP: 7/7
  3640 | D:4      | Reached * piety under Ashenzari
  3818 | D:4      | Reached skill level 6 in Axes
  4086 | D:4      | Reached ** piety under Ashenzari
  4280 | D:4      | Found a burning altar of Makhleb.
  4449 | D:3      | Killed Vivir's ghost
  4450 | D:3      | Reached skill level 1 in Evocations
  4549 | D:1      | Bought a glowing hand axe for 102 gold pieces
  4742 | D:5      | Entered Level 5 of the Dungeon
  4940 | D:5      | Noticed Grinder
  4953 | D:5      | Killed Grinder
  5001 | D:5      | Reached XP level 9. HP: 68/78 MP: 8/8
  5507 | D:6      | Reached skill level 7 in Axes
  5990 | D:6      | Reached *** piety under Ashenzari
  6447 | D:6      | Found a staircase to the Ecumenical Temple.
  6456 | Temple   | Entered the Ecumenical Temple
  6842 | D:7      | Reached **** piety under Ashenzari
  6943 | D:7      | Reached XP level 10. HP: 81/86 MP: 9/9
  7184 | D:7      | Found a bloodstained altar of Trog.
  7392 | D:8      | Reached skill level 5 in Shields
  7449 | D:8      | Reached skill level 8 in Axes
  7469 | D:8      | Reached skill level 5 in Armour
  7480 | D:8      | Identified the +1 scale mail of the Swan {rElec}
  7700 | D:8      | Found Begroeko's Distillery.
  7895 | D:8      | Found a staircase to the Lair.
  8619 | D:9      | Found a shadowy altar of Dithmenos.
  9210 | D:10     | Entered Level 10 of the Dungeon
  9222 | D:9      | Reached XP level 11. HP: 94/94 MP: 10/10
  9675 | D:10     | Reached ***** piety under Ashenzari
  9676 | D:10     | Found an ancient bone altar of Kikubaaqudgha.
  9761 | D:10     | Noticed Grum
  9776 | D:10     | Reached skill level 9 in Axes
  9778 | D:10     | Reached skill level 5 in Dodging
  9781 | D:10     | Killed Grum
  9823 | D:10     | Reached skill level 5 in Throwing
  9823 | D:10     | Noticed Sonja
  9839 | D:10     | HP: 3/94 [Sonja (6)]
  9843 | D:10     | Killed Sonja
 11091 | D:10     | Noticed Maurice
 11099 | D:10     | Killed Maurice
 11145 | D:10     | Found a blossoming altar of Fedhas.
 11194 | D:10     | Found Moirgh's Book Emporium.
 11317 | D:11     | Noticed a two-headed ogre
 11319 | D:11     | Noticed a two-headed ogre
 11353 | D:11     | Killed a two-headed ogre
 11354 | D:11     | Killed a two-headed ogre
 11575 | D:11     | Noticed a two-headed ogre
 11588 | D:11     | Killed a two-headed ogre
 11589 | D:11     | Reached skill level 5 in Evocations
 11854 | D:11     | Noticed a boulder beetle
 11978 | D:11     | Noticed a cyclops
 11996 | D:11     | Killed a cyclops
 11997 | D:11     | Reached XP level 12. HP: 103/103 MP: 11/11
 12072 | D:11     | Noticed a catoblepas
 12085 | D:11     | Killed a catoblepas
 12086 | D:11     | Reached skill level 10 in Axes
 12183 | D:11     | Noticed a two-headed ogre
 12194 | D:11     | Killed a two-headed ogre
 12623 | D:12     | Noticed a boulder beetle
 12938 | D:12     | Killed a boulder beetle
 12996 | D:12     | Noticed a tengu warrior
 13011 | D:12     | Killed a tengu warrior
 13899 | D:12     | Found a staircase to the Orcish Mines.
 14309 | Orc:1    | Entered Level 1 of the Orcish Mines
 14659 | Orc:1    | Found a transporter.
 14754 | Orc:1    | Noticed an orc high priest
 14778 | Orc:1    | Noticed a soul eater
 14778 | Orc:1    | Killed an orc high priest
 14849 | Orc:1    | Noticed Tist's ghost (journeyman GnWr)
 14849 | Orc:1    | Identified the ring "Ofeicius" {rN+ Int+6}
 14895 | Orc:1    | Found a transporter.
 14994 | Orc:1    | Noticed an ogre mage
 15004 | Orc:1    | Reached XP level 13. HP: 112/112 MP: 12/12
 15029 | Orc:1    | Reached skill level 11 in Axes
 15329 | Orc:1    | Killed Tist's ghost
 15432 | Orc:2    | Entered Level 2 of the Orcish Mines
 15691 | Orc:2    | Paralysed by an orc sorcerer for 6 turns
 16071 | Orc:2    | Reached skill level 10 in Fighting
 16079 | Orc:2    | Noticed an ettin
 16636 | Orc:2    | Killed an ettin
 17377 | Orc:2    | Found a staircase to the Elven Halls.
 17394 | Orc:2    | Reached skill level 12 in Axes
 17401 | Orc:2    | Reached XP level 14. HP: 94/122 MP: 13/13
 17555 | Orc:2    | Found a runed translucent door.
 17557 | Orc:2    | Noticed Thrasha's ghost (journeyman MiBe)
 17743 | Orc:2    | Found Efolian's Antique Armour Shoppe.
 17743 | Orc:2    | Found Zeazaerch's Assorted Antiques.
 17744 | Orc:2    | Found Nibli's Assorted Antiques.
 17744 | Orc:2    | Found Serobuq's Jewellery Shoppe.
 17754 | Orc:2    | Bought a pair of boots for 121 gold pieces
 18092 | D:1      | Bought a scroll of enchant armour for 97 gold pieces
 18092 | D:1      | Bought a scroll of brand weapon for 260 gold pieces
 18092 | D:1      | Bought a scroll of blinking for 97 gold pieces
 18419 | Orc:2    | Bought 2 potions of curing for 162 gold pieces
 18419 | Orc:2    | Bought a potion of heal wounds for 135 gold pieces
 18419 | Orc:2    | Bought a potion of might for 108 gold pieces
 18421 | Orc:2    | Bought a potion of heal wounds for 160 gold pieces
 18421 | Orc:2    | Bought a scroll of enchant armour for 240 gold pieces
 18421 | Orc:2    | Bought a potion of curing for 96 gold pieces
 18508 | D:13     | Found Ilunwoboe's Assorted Antiques.
 18765 | D:13     | Bought 2 sapphire potions for 64 gold pieces
 18765 | D:13     | Bought a bubbling dark potion for 32 gold pieces
 18765 | D:13     | Bought a scroll labelled CACRI XIUJAKISU for 36 gold pieces
 18853 | D:13     | Noticed Azrael
 19358 | D:13     | Killed Azrael
 19479 | D:13     | Found Mannio Hemee's Magic Scroll Emporium.
 19547 | D:13     | Found Gougruwea's Weapon Shop.
 19572 | D:13     | Found Kaohicw's Magic Scroll Shop.
 19646 | D:13     | Found Farotwya's Assorted Antiques.
 19785 | D:13     | Found a gate to the Vaults.
 19800 | D:13     | Reached skill level 1 in Long Blades
 20588 | Lair:1   | Entered Level 1 of the Lair of Beasts
 20870 | Lair:1   | Noticed Gastronok
 20885 | Lair:1   | Killed Gastronok
 21997 | Lair:2   | Noticed Erica
 22007 | Lair:2   | Killed Erica
 22240 | Lair:3   | Noticed geirmund's ghost (journeyman MiBe)
 22242 | Lair:3   | Found a runed translucent door.
 22288 | Lair:3   | Found a dark tunnel.
 22294 | Volcano  | Entered a volcano
 22640 | Volcano  | Found a burning altar of Makhleb.
 22911 | Volcano  | Reached XP level 15. HP: 127/137 MP: 14/14
 23062 | Lair:3   | Reached ****** piety under Ashenzari
 23100 | Lair:3   | Found a staircase to the Snake Pit.
 23692 | Lair:4   | Found a staircase to the Shoals.
 23718 | Lair:4   | Identified the +6 mace "Yntug" {protect, Str+3 Dex+3
                  | Stlth+}
 24022 | Lair:4   | Identified the +6 morningstar of Famine {freeze, Str+3}
 24093 | Lair:4   | Reached skill level 13 in Axes
 24410 | Lair:4   | Upgraded the game from 0.28-a0-969-g2dcde036d2 to
                  | 0.28-a0-983-g1de4e0787c
 24896 | Lair:5   | Found a staircase to the Slime Pits.
 25244 | Lair:6   | Entered Level 6 of the Lair of Beasts
 25287 | Lair:6   | Reached skill level 1 in Stealth
 25893 | Lair:6   | Reached XP level 16. HP: 113/154 MP: 16/16
 26468 | Lair:6   | Found a runed translucent door.
 27232 | Elf:1    | Entered Level 1 of the Elven Halls
 27251 | Elf:1    | Found a radiant altar of Vehumet.
 27262 | Elf:1    | Paralysed by an air elemental for 1 turns
 27471 | Elf:1    | Reached skill level 10 in Shields
 27607 | Elf:1    | Reached skill level 10 in Armour
 27650 | Elf:1    | Noticed a deep elf blademaster
 27653 | Elf:1    | Noticed Stonecrops's ghost (journeyman DsBe)
 27663 | Elf:1    | Found a transporter.
 27669 | Elf:1    | Noticed a deep elf blademaster
 27670 | Elf:1    | Found a bloodstained altar of Trog.
 27809 | Elf:1    | Found a transporter.
 27971 | Elf:1    | Reached skill level 5 in Stealth
 28821 | Elf:2    | Reached XP level 17. HP: 162/162 MP: 17/17
 28824 | Elf:2    | Found a shimmering altar of Xom.
 28838 | Elf:2    | Reached skill level 10 in Dodging
 28975 | Elf:2    | Reached skill level 10 in Throwing
 29019 | Elf:2    | Reached skill level 14 in Axes
 29214 | Elf:2    | Found Hakocw's Jewellery Shoppe.
 29306 | Elf:2    | Found Asmuteb's Antique Weapon Boutique.
 29377 | Elf:2    | Noticed Nikola
 29428 | Elf:2    | Killed Nikola
 29644 | Elf:2    | Found a runed translucent gate.
 29646 | Elf:2    | Found a runed translucent gate.
 29647 | Elf:2    | Found a runed translucent gate.
 29663 | Elf:2    | Reached skill level 10 in Evocations
 30062 | Elf:2    | Identified 3 scrolls of acquirement
 30078 | Elf:2    | Acquired the +10 executioner's axe "Kaosh" {antimagic,
                  | rElec rCorr Str+7}
 30080 | Elf:2    | Acquired an amulet of reflection
 30082 | Elf:2    | Acquired a manual of Stealth
 30412 | Snake:1  | Entered Level 1 of the Snake Pit
 30530 | Snake:1  | Identified the +6 trident of the Vendetta {vorpal, SInv}
 32705 | Snake:3  | Found Goudghiol's Antique Weapon Boutique.
 32705 | Snake:3  | Found Zenapn's General Store.
 32737 | Snake:3  | Reached XP level 18. HP: 166/166 MP: 5/17
 33785 | Snake:4  | Entered Level 4 of the Snake Pit
 34425 | Snake:4  | Noticed Vashnia
 34485 | Snake:4  | Killed Vashnia
 34715 | Snake:4  | Found Udibil Facw's General Store.
 34823 | Snake:4  | Reached skill level 15 in Axes
 35782 | Snake:4  | Got a serpentine rune of Zot
 36150 | Orc:2    | Bought the ring of Xom's Malicious Joy {Fly rF+} for 378
                  | gold pieces
 36382 | Shoals:1 | Entered Level 1 of the Shoals
 36643 | Shoals:1 | Found Cokhit's Armour Emporium.
 38033 | Shoals:2 | Reached XP level 19. HP: 182/182 MP: 6/19
 38357 | Shoals:2 | Acquired 1139 gold pieces
 39564 | Shoals:4 | Entered Level 4 of the Shoals
 39958 | Shoals:4 | Found Qiuc's Assorted Antiques.
 40383 | Shoals:4 | Found Ufrecw's Antique Weapon Shop.
 40419 | Shoals:4 | Noticed Polyphemus
 40442 | Shoals:4 | Killed Polyphemus
 40443 | Shoals:4 | Reached skill level 16 in Axes
 40547 | Shoals:4 | Noticed Mara
 40636 | Shoals:4 | Killed Mara
 41042 | Shoals:4 | Got a barnacled rune of Zot
 41973 | Elf:2    | Found Ehukoos's Jewellery Shoppe.
 41986 | Elf:2    | Found Seckuhy's Book Shop.
 43532 | Vaults:1 | Entered Level 1 of the Vaults
 43630 | Vaults:1 | Reached skill level 15 in Fighting
 43767 | Vaults:1 | Reached XP level 20. HP: 170/193 MP: 6/20
 45135 | Vaults:2 | Noticed Asterion
 45231 | Vaults:2 | Killed Asterion
 45351 | Vaults:2 | Reached skill level 10 in Stealth
 45411 | Vaults:2 | Found a staircase to the Crypt.
 45419 | Vaults:2 | Paralysed by a vampire knight for 7 turns
 45425 | Vaults:2 | HP: 3/193 [vampire mage (7)]
 45425 | Vaults:2 | Mangled by a jiangshi

Illustrated notes

Levels and vault maps discovered:
D:1:      lemuel_arrival_river_bridge, layout_basic,
          hellmonk_ecumenical_altar_blasted, serial_shops, shop, shop,
          nicolae_lakefront_shop
D:2:      layout_loops_cross, grunt_ministairs_12, minmay_misc_feat_roman,
          uniq_robin, uniq_jessica
D:3:      layout_loops_corners, cheibrodos_ashenzari_chains,
          ebering_ghost_sewer_d
D:4:      wad_pebble_path, layout_gridville, makhleb_heckhound_becter
D:5:      layout_basic, uniq_grinder
D:6:      layout_layer_cave, mainiacjoe_overflow_chevrons, temple_fountains
D:7:      layout_basic, mainiacjoe_overflow_surrounded_room
D:8:      layout_loops_ring, due_lair_maze_entry_diamond, serial_shops,
          nicolae_shop_statue_plus, serial_aquarium, aquarium_bridge_square
          [aquarium_subvault_bridge, aquarium_subvault_wall,
          aquarium_subvault_wall, aquarium_subvault_window], aquarium_window_2,
          aquarium_window_1, aquarium_window_1, aquarium_window_1,
          aquarium_view_4, aquarium_balcony_3a, aquarium_pool_2
D:9:      layout_cave_pools, nicolae_dithmenos_shadow_blocks
D:10:     layout_gridville, old_standard_altar, old_standard_altar,
          serial_shops, nicolae_shop_crystal, minivault_8, uniq_sonja,
          uniq_grum, uniq_maurice
D:11:     layout_grid_maze
D:12:     layout_gridville, erik_orc_1
D:13:     layout_rooms, erik_vaults_2, serial_shops, nicolae_shop_stone,
          nicolae_shop_hallway_stairs, nicolae_shop_waterfront, shop, shop,
          uniq_azrael
D:14:     layout_roguey, serial_bayou_pond_e, uniq_frances, uniq_kirke
Temple:   regret_index_temple_waves
Lair:1:   layout_loops_ring, serial_bayou_shore_a, uniq_gastronok
Lair:2:   layout_gridlike, bh_autumn_forest_stairs, st_stairs_6, uniq_erica
Lair:3:   layout_cave_pods, minmay_snake_entry_six_corridors,
          ebering_ghost_inner_flame, nicolae_volcano_entry_hallway
Lair:4:   pond_and_an_island_with_a_cottage, layout_loops_ring,
          elwin_shoals_entry_rocks
Lair:5:   layout_loops_ring, nicolae_slime_entry_slimehenge
Lair:6:   hangedman_lair_tendril_chambers, layout_hall_layers, wormcave,
          minmay_lair_oklob_items
Shoals:1: layout_shoals, serial_shops, nicolae_shop_hallway_stairs
Shoals:2: layout_shoals, nicolae_shoals_lost_giant_baths
Shoals:3: layout_shoals
Shoals:4: shoals_end_grunt_ice, layout_shoals, serial_shops,
          nicolae_diamond_shop, shop, kb_tengu_band, uniq_mara, uniq_polyphemus
Snake:1:  layout_chambers, serial_bayou_lagoon_b
Snake:2:  layout_rooms, grunt_megastairs_1
Snake:3:  layout_layer_cave, minmay_shoptagon, lemuel_fruit_tree
Snake:4:  snake_pit, layout_cave_town, serial_shops, nicolae_shop_stone,
          uniq_vashnia
Orc:1:    layout_diamond_mine, gammafunk_ghost_stat_death, mines4_lemuel
Orc:2:    st_orc_ogre_mass, layout_caves, gammafunk_ghost_grave
Elf:1:    eino_elf_arrival_altar, layout_geoelf_octagon,
          gammafunk_ghost_wrathful_warriors,
          hangedman_elven_crosses_minicolossus
Elf:2:    elven_hall_of_blades_hangedman_original
          [nicolae_blade_entry_antechamber], layout_onion_city, basic_altar,
          serial_shops, shop_statue, minmay_shop_grove, uniq_nikola
Vaults:1: v_misc_15, v_misc_14, hangedman_vaults_cutoff,
          nicolae_vaults_shelves_hall, v_misc_22, nicolae_vaults_theta,
          layout_vaults_omnigrid
Vaults:2: nicolae_vaults_twisting_passages, vaults_dpeg_hooks, v_rooms_4,
          vaults_dpeg_ring, v_misc_2, nicolae_vaults_three_branches, v_misc_9,
          ontoclasm_vaults_fault, nicolae_vaults_rhombus_6,
          minmay_crypt_entry_simple_round, nicolae_vaults_border_crossing,
          layout_vaults_big_room, uniq_margery, uniq_asterion

Skill      XL: |  1  2  3  4  5  6  7  8  9 10 11 12 13 14 15 16 17 18 19 20 |
---------------+-------------------------------------------------------------+-----
Axes           | 2 3 5 6 7 8 9 10 12 13 14 15 16 | 16.8
Fighting       | 4 5 6 7 8 9 10 11 12 13 14 15 | 15.3
Throwing       | 1 2 3 4 5 6 7 8 9 10 11 12 | 12.3
Armour         | 3 4 5 6 7 8 9 10 11 12 | 12.5
Dodging        | 1 2 3 4 5 6 7 8 9 10 11 12 | 12.3
Shields        | 3 4 5 6 7 8 9 10 | 10.8
Evocations     | 1 3 4 5 6 7 8 9 10 11 12 | 12.1
Long Blades    | 2 |  2.8
Stealth        | 2 5 8 10 | 10.0

Action                   |  1- 3 |  4- 6 |  7- 9 | 10-12 | 13-15 | 16-18 | 19-21 || total
-------------------------+-------+-------+-------+-------+-------+-------+-------++-------
Melee: War axe           |    82 |   165 |    93 |       |       |       |       ||   340
       Hand axe          |       |       |   224 |   798 |       |       |       ||  1022
       Broad axe         |       |       |       |    46 |  1162 |   531 |       ||  1739
       Punch             |       |       |       |       |     2 |       |       ||     2
       Executioner's axe |       |       |       |       |       |   567 |   559 ||  1126
Throw: Dart              |       |     4 |    18 |    37 |     7 |    11 |    61 ||   138
       Throwing net      |       |       |       |     1 |       |       |       ||     1
       Boomerang         |       |       |       |       |       |     6 |       ||     6
       Javelin           |       |       |       |       |       |       |     2 ||     2
Invok: Curse Item        |       |     1 |     5 |     6 |     6 |     3 |       ||    21
       Shatter the Chain |       |       |       |     4 |     4 |     4 |       ||    12
Evoke: Wand              |       |       |       |    18 |    15 |     9 |     2 ||    44
       Condenser vane    |       |       |       |       |       |     3 |     1 ||     4
       Box of beasts     |       |       |       |       |       |     2 |       ||     2
  Use: Potion            |       |     1 |     2 |     1 |     4 |       |     3 ||    11
       Scroll            |       |       |       |     2 |     5 |     4 |     3 ||    14
 Stab: Paralysed         |       |       |       |     8 |       |       |       ||     8
       Confused          |       |       |       |     2 |       |       |       ||     2
       Distracted        |       |       |       |     1 |       |       |     1 ||     2
       Sleeping          |       |       |       |       |       |     1 |     1 ||     2
       Petrifying        |       |       |       |       |       |       |     2 ||     2
Armor: Scale mail        |    55 |    78 |    27 |    94 |   191 |       |       ||   445
       Chain mail        |       |       |   118 |   177 |    95 |   409 |   233 ||  1032
Dodge: Dodged            |    38 |    66 |   133 |   353 |   585 |   658 |   346 ||  2179
Block: Buckler           |    23 |    14 |    42 |    25 |       |       |       ||   104
       Kite shield       |       |       |       |   294 |   485 |   258 |       ||  1037
       Other             |       |       |       |       |       |   130 |   110 ||   240
       Reflection        |       |       |       |       |       |    15 |    11 ||    26

Table legend: (Time is in decaauts)
 A = Elapsed time spent in this place.
 B = Non-inter-level travel time spent in this place.
 C = Inter-level travel time spent in this place.
 D = Time resting spent in this place.
 E = Time spent auto-exploring this place.
 F = Levels seen in this place.
 G = Mean time per level.
                   A        B        C        D        E       F      G
               +--------+--------+--------+--------+--------+-----+--------+
         Total |  44843 |  40241 |   4602 |  11077 |  16872 |  36 | 1245.6 |
       Dungeon |  17845 |  15168 |   2677 |   4156 |   7871 |  14 | 1274.6 |
        Temple |      1 |      1 |      0 |      0 |      0 |   1 |    1.0 |
          Lair |   5848 |   5406 |    442 |    480 |   2714 |   6 |  974.7 |
        Shoals |   5179 |   5075 |    104 |   1890 |   1658 |   4 | 1294.8 |
     Snake Pit |   5499 |   5118 |    381 |   1183 |   2389 |   4 | 1374.8 |
  Orcish Mines |   3720 |   3034 |    686 |    970 |    797 |   2 | 1860.0 |
   Elven Halls |   4198 |   3934 |    264 |   1705 |    667 |   2 | 2099.0 |
        Vaults |   1842 |   1798 |     44 |    337 |    775 |   2 |  921.0 |
       Volcano |    707 |    707 |      0 |    354 |      0 |   1 |  707.0 |
               +--------+--------+--------+--------+--------+-----+--------+

Top non-repeatable levels by time:
    D:12: 2553 daAuts
   Elf:2: 2382 daAuts
   Orc:2: 1975 daAuts
    D:11: 1885 daAuts
Shoals:4: 1826 daAuts
   Elf:1: 1816 daAuts
     D:3: 1764 daAuts
   Orc:1: 1745 daAuts
 Snake:4: 1708 daAuts
  Lair:6: 1656 daAuts
 Snake:3: 1649 daAuts
Vaults:1: 1537 daAuts
    D:10: 1441 daAuts
     D:8: 1342 daAuts
     D:6: 1324 daAuts
